St.Louis Blues vs Tampa Bay Lightning
Created - Tuesday, July 4, 2023 at 06:45
Goals
|
| St.Louis Blues |
1 |
1 |
0 |
2 |
| Tampa Bay Lightning |
0 |
1 |
0 |
1 |
|
Shots
|
| St.Louis Blues |
7 |
17 |
4 |
28 |
| Tampa Bay Lightning |
11 |
13 |
2 |
26 |
|
1st period
1. St.Louis Blues , Alex DeBrincat 1 (Danny DeKeyser 1, Jack Eichel 1) at 17:12
Penalties :
Morgan Rielly (STL) for Holding (Minor) at 8:17, Sean Kuraly (STL) for Hooking (Minor) at 18:57
2nd period
2. Tampa Bay Lightning , Anze Kopitar 3 (Connor Brown 3) at 8:30
3. St.Louis Blues , Yanni Gourde 2 (Andrew Copp 1, Evander Kane 1) at 16:50
Penalties :
Darnell Nurse (TBL) for Fighting (Major) at 9:43, Adam Pelech (STL) for Fighting (Major) at 9:43, Jake Guentzel (STL) for Hooking (Minor) at 12:06
3rd period
No Goal
Penalties :
Robert Thomas (STL) for Hooking (Minor) at 3:43, Gabriel Landeskog (TBL) for Holding (Minor) at 14:08
Goalie Stats
Connor Hellebuyck (STL), 25 saves from 26 shots - (0.962), W, 1-2-0, 60:00 minutes
Darcy Kuemper (TBL), 26 saves from 28 shots - (0.929), L, 3-1-0, 59:09 minutes
Players Stats for St.Louis Blues
Player Name G A P +/- PIM S H SB GA TA FO MP PP MP PK MP
------------------------------------------------------------------------------------
Adam Pelech 0 0 0 1 5 0 0 1 0 0 0/0 18:33 0:00 1:59
Alex DeBrincat 1 0 1 0 0 3 0 0 1 1 1/3 15:25 0:59 0:04
Alex Pietrangelo 0 0 0 1 0 1 3 0 0 0 0/0 23:38 1:01 4:19
Alex Tuch 0 0 0 0 0 4 1 0 0 0 0/0 17:45 1:00 0:00
Andrew Copp 0 1 1 1 0 1 1 0 1 1 6/9 16:37 1:01 3:55
Colton Parayko 0 0 0 1 0 1 2 1 0 0 0/1 22:47 0:00 3:37
Danny DeKeyser 0 1 1 1 0 0 0 0 0 1 0/0 18:49 0:00 1:54
Elias Pettersson 0 0 0 0 0 2 1 0 0 0 0/0 18:27 0:59 0:00
Evander Kane 0 1 1 1 0 3 3 0 1 0 0/0 12:26 1:00 0:00
Frederick Gaudreau 0 0 0 0 0 0 0 0 0 1 1/2 7:18 0:00 0:00
Jack Eichel 0 1 1 0 0 1 0 0 0 0 7/11 14:53 1:00 1:07
Jake Guentzel 0 0 0 0 2 5 1 0 0 0 0/2 14:44 0:58 0:00
Jonas Brodin 0 0 0 -1 0 0 0 2 0 1 0/0 15:10 0:00 0:52
Morgan Rielly 0 0 0 -1 2 1 1 2 1 1 0/0 17:26 0:58 3:11
Ondrej Kase 0 0 0 0 0 0 2 0 0 0 1/1 11:10 0:00 3:45
Robert Thomas 0 0 0 0 2 3 1 2 2 0 9/21 18:27 0:59 0:00
Sean Kuraly 0 0 0 0 2 0 2 0 0 0 2/3 11:50 0:00 3:04
Yanni Gourde 1 0 1 1 0 3 0 0 1 1 0/0 16:34 0:00 3:57
Players Stats for Tampa Bay Lightning
Player Name G A P +/- PIM S H SB GA TA FO MP PP MP PK MP
------------------------------------------------------------------------------------
Alexander Kerfoot 0 0 0 0 0 1 0 0 0 1 0/0 9:53 0:26 0:00
Alexander Romanov 0 0 0 0 0 0 1 0 0 0 0/0 14:35 1:15 1:03
Anze Kopitar 1 0 1 1 0 4 0 1 0 0 6/19 19:04 3:49 0:57
Christian Dvorak 0 0 0 0 0 1 0 0 2 0 2/6 11:45 0:53 1:02
Connor Brown 0 1 1 1 0 2 1 0 0 1 0/0 18:11 3:48 1:02
Darnell Nurse 0 0 0 -2 5 0 3 1 0 0 0/0 22:07 2:01 0:00
Dylan Cozens 0 0 0 0 0 0 1 0 2 0 0/0 9:20 0:46 0:00
Gabriel Landeskog 0 0 0 1 2 4 1 0 1 0 1/3 17:21 3:49 0:00
Hampus Lindholm 0 0 0 1 0 0 1 1 0 2 0/0 20:16 4:00 0:00
Ivan Barbashev 0 0 0 0 0 0 3 0 0 0 1/1 13:01 0:59 0:57
Johnny Gaudreau 0 0 0 -2 0 8 2 0 0 0 0/0 20:40 3:16 0:00
Kirill Kaprizov 0 0 0 -2 0 3 5 0 0 0 0/0 21:10 2:41 0:00
Lars Eller 0 0 0 0 0 0 2 1 0 1 1/3 8:25 0:00 0:00
Moritz Seider 0 0 0 1 0 0 0 0 0 0 0/0 21:12 3:56 0:56
Ryan Graves 0 0 0 0 0 0 0 2 1 0 0/0 16:39 1:43 0:56
Tomas Hertl 0 0 0 -2 0 2 0 2 1 0 15/21 20:40 3:16 0:00
Trevor Moore 0 0 0 0 0 0 0 0 0 1 0/0 8:42 0:05 0:00
Vladislav Gavrikov 0 0 0 -2 0 1 1 0 0 1 0/0 24:58 2:57 1:03
3 Stars
1 - Connor Hellebuyck (STL)
2 - Yanni Gourde (STL)
3 - Evander Kane (STL)
Power Play
St.Louis Blues - 0 on 1 Attempt(s) - 0.00%
Tampa Bay Lightning - 0 on 4 Attempt(s) - 0.00%
Penalty Kill
St.Louis Blues - 4 on 4 Attempt(s) - 100.00%
- Score 0 goal in Penalty Kill
Tampa Bay Lightning - 1 on 1 Attempt(s) - 100.00%
- Score 0 goal in Penalty Kill
Team Stat
St.Louis Blues - Hits : 18 - Faceoff Wins : 27 - Blocked Shots : 8 - Penalty Minutes : 13
Tampa Bay Lightning - Hits : 21 - Faceoff Wins : 26 - Blocked Shots : 8 - Penalty Minutes : 7
Official
Referees : Chris Lee and Brian Pochmara
Linesman : Jay Sharrers and Brandon Gawryletz
Game Notes
Darnell Nurse and Adam Pelech fight to a draw at 9:43 of 2nd period
Finance
Level 1 -- Attendance: 6000 (100.00%) -- Ticket Income $570,000
Level 2 -- Attendance: 5000 (100.00%) -- Ticket Income $275,000
Level 3 -- Attendance: 3000 (100.00%) -- Ticket Income $102,000
Level 4 -- Attendance: 5000 (100.00%) -- Ticket Income $105,000
Luxury Box -- Attendance: 1000 (100.00%) -- Ticket Income $195,000
Game was played at the Tampa Bay Times Forum.
Total Attendance: 20000 (100.00%)
Total Ticket Income: $1,247,000
Other Income: $436,450
Total Income: $1,683,450
St.Louis Blues
5 vs 5 Forward
Center Left Wing Right Wing Time % Phy DF OF
1 Robert Thomas Elias Pettersson Alex Tuch 35 0 2 3
2 Jack Eichel Jake Guentzel Alex DeBrincat 30 0 2 3
3 Andrew Copp Evander Kane Yanni Gourde 25 1 2 2
4 Frederick Gaudreau Sean Kuraly Ondrej Kase 10 1 3 1
5 vs 5 Defense
Defense Defense Time % Phy DF OF
1 Alex Pietrangelo Colton Parayko 35 1 2 2
2 Morgan Rielly Jonas Brodin 35 1 2 2
3 Adam Pelech Danny DeKeyser 30 1 2 2
4 Alex Pietrangelo Colton Parayko 0 1 2 2
PowerPlay Forward
Center Left Wing Right Wing Time % Phy DF OF
1 Robert Thomas Alex DeBrincat Elias Pettersson 50 1 0 4
2 Jack Eichel Alex Tuch Evander Kane 50 1 0 4
PowerPlay Defense
Defense Defense Time % Phy DF OF
1 Morgan Rielly Jake Guentzel 50 0 1 4
2 Alex Pietrangelo Andrew Copp 50 0 1 4
Penalty Kill 4 Players Forward
Center Wing Time % Phy DF OF
1 Sean Kuraly Yanni Gourde 50 1 4 0
2 Andrew Copp Ondrej Kase 50 1 4 0
Penalty Kill 4 Players Defense
Defense Defense Time % Phy DF OF
1 Alex Pietrangelo Morgan Rielly 50 1 4 0
2 Colton Parayko Adam Pelech 50 1 4 0
Penalty Kill - 3 Players Forward
Forward Time % Phy DF OF
1 Elias Pettersson 50 1 2 2
2 Alex DeBrincat 50 1 2 2
Penalty Kill - 3 Players Defense
Defense Defense Time % Phy DF OF
1 Alex Pietrangelo Morgan Rielly 50 1 2 2
2 Colton Parayko Adam Pelech 50 1 2 2
4 vs 4 Forward
Center Wing Time % Phy DF OF
1 Robert Thomas Elias Pettersson 50 0 2 3
2 Jack Eichel Jake Guentzel 50 0 2 3
4 vs 4 Defense
Defense Defense Time % Phy DF OF
1 Alex Pietrangelo Colton Parayko 50 0 3 2
2 Morgan Rielly Adam Pelech 50 0 3 2
Last Minutes Offensive
Center Left Wing Right Wing Defense Defense
Robert Thomas Elias Pettersson Alex Tuch Morgan Rielly Jake Guentzel
Last Minutes Defensive
Center Left Wing Right Wing Defense Defense
Sean Kuraly Andrew Copp Yanni Gourde Alex Pietrangelo Colton Parayko
Goaltenders
Starting : Connor Hellebuyck
Backup : Frederik Andersen
Extra Forwards
Normal : Jack Eichel, Yanni Gourde, Andrew Copp - PP : Andrew Copp, Yanni Gourde - PK : Jack Eichel
Extra Defensemen
Normal : Jonas Brodin, Danny DeKeyser, Colton Parayko - PP : Jonas Brodin - PK : Danny DeKeyser, Colton Parayko
Penalty Shots
Elias Pettersson, Alex DeBrincat, Alex Tuch, Jake Guentzel, Evander Kane
Tampa Bay Lightning
5 vs 5 Forward
Center Left Wing Right Wing Time % Phy DF OF
1 Tomas Hertl Johnny Gaudreau Kirill Kaprizov 40 1 2 2
2 Anze Kopitar Gabriel Landeskog Connor Brown 35 1 2 2
3 Christian Dvorak Alexander Kerfoot Ivan Barbashev 15 1 2 2
4 Lars Eller Trevor Moore Dylan Cozens 10 1 2 2
5 vs 5 Defense
Defense Defense Time % Phy DF OF
1 Darnell Nurse Vladislav Gavrikov 40 1 2 2
2 Hampus Lindholm Moritz Seider 30 1 2 2
3 Ryan Graves Alexander Romanov 20 1 2 2
4 Darnell Nurse Moritz Seider 10 1 2 2
PowerPlay Forward
Center Left Wing Right Wing Time % Phy DF OF
1 Anze Kopitar Gabriel Landeskog Kirill Kaprizov 50 1 2 2
2 Tomas Hertl Johnny Gaudreau Connor Brown 50 1 2 2
PowerPlay Defense
Defense Defense Time % Phy DF OF
1 Darnell Nurse Moritz Seider 50 1 2 2
2 Hampus Lindholm Vladislav Gavrikov 50 1 2 2
Penalty Kill 4 Players Forward
Center Wing Time % Phy DF OF
1 Christian Dvorak Connor Brown 50 1 2 2
2 Anze Kopitar Ivan Barbashev 50 1 2 2
Penalty Kill 4 Players Defense
Defense Defense Time % Phy DF OF
1 Alexander Romanov Vladislav Gavrikov 50 1 2 2
2 Ryan Graves Moritz Seider 50 1 2 2
Penalty Kill - 3 Players Forward
Forward Time % Phy DF OF
1 Anze Kopitar 50 1 2 2
2 Tomas Hertl 50 1 2 2
Penalty Kill - 3 Players Defense
Defense Defense Time % Phy DF OF
1 Alexander Romanov Vladislav Gavrikov 50 1 2 2
2 Ryan Graves Moritz Seider 50 1 2 2
4 vs 4 Forward
Center Wing Time % Phy DF OF
1 Anze Kopitar Gabriel Landeskog 50 1 2 2
2 Tomas Hertl Connor Brown 50 1 2 2
4 vs 4 Defense
Defense Defense Time % Phy DF OF
1 Darnell Nurse Vladislav Gavrikov 50 1 2 2
2 Hampus Lindholm Moritz Seider 50 1 2 2
Last Minutes Offensive
Center Left Wing Right Wing Defense Defense
Anze Kopitar Gabriel Landeskog Kirill Kaprizov Darnell Nurse Vladislav Gavrikov
Last Minutes Defensive
Center Left Wing Right Wing Defense Defense
Anze Kopitar Gabriel Landeskog Kirill Kaprizov Darnell Nurse Vladislav Gavrikov
Goaltenders
Starting : Darcy Kuemper
Backup : Jeremy Swayman
Extra Forwards
Normal : Ivan Barbashev, Christian Dvorak, Dylan Cozens - PP : Ivan Barbashev, Christian Dvorak - PK : Dylan Cozens
Extra Defensemen
Normal : Ryan Graves, Alexander Romanov, Hampus Lindholm - PP : Ryan Graves - PK : Alexander Romanov, Hampus Lindholm
Penalty Shots
Gabriel Landeskog, Anze Kopitar, Tomas Hertl, Kirill Kaprizov, Johnny Gaudreau
% Time on Ice - St.Louis Blues
Lines # - Real PCT - Wanted PCT - Time Play
Normal Forward
1 - 34% - 35% - 16:34
2 - 30% - 30% - 14:38
3 - 22% - 25% - 10:47
4 - 14% - 10% - 6:57
Normal Defense
1 - 33% - 35% - 16:13
2 - 33% - 35% - 16:22
3 - 32% - 30% - 15:49
4 - 1% - 0% - 0:32
PP Forward
1 - 50% - 50% - 0:59
2 - 50% - 50% - 1:00
PP Defense
1 - 49% - 50% - 0:58
2 - 51% - 50% - 1:01
PK Forward
1 - 51% - 50% - 4:01
2 - 49% - 50% - 3:55
PK Defense
1 - 65% - 50% - 5:11
2 - 35% - 50% - 2:45
PK3 Forward
1 - 0% - 50%
2 - 0% - 50%
PK3 Defense
1 - 0% - 50%
2 - 0% - 50%
44 Forward
1 - 0% - 50%
2 - 0% - 50%
44 Defense
1 - 0% - 50%
2 - 0% - 50%
Last Minute Offensive - 0:00
Last Minute Defensive - 1:09
Total
Forward - 60:00
Defense - 60:00
|
% Time on Ice - Tampa Bay Lightning
Lines # - Real PCT - Wanted PCT - Time Play
Normal Forward
1 - 36% - 40% - 17:42
2 - 29% - 35% - 14:12
3 - 18% - 15% - 8:52
4 - 17% - 10% - 8:07
Normal Defense
1 - 42% - 40% - 20:42
2 - 30% - 30% - 14:28
3 - 21% - 20% - 10:29
4 - 7% - 10% - 3:14
PP Forward
1 - 59% - 50% - 4:40
2 - 41% - 50% - 3:16
PP Defense
1 - 50% - 50% - 3:56
2 - 50% - 50% - 4:00
PK Forward
1 - 52% - 50% - 1:02
2 - 48% - 50% - 0:57
PK Defense
1 - 53% - 50% - 1:03
2 - 47% - 50% - 0:56
PK3 Forward
1 - 0% - 50%
2 - 0% - 50%
PK3 Defense
1 - 0% - 50%
2 - 0% - 50%
44 Forward
1 - 0% - 50%
2 - 0% - 50%
44 Defense
1 - 0% - 50%
2 - 0% - 50%
Last Minute Offensive - 1:12
Last Minute Defensive - 0:00
Total
Forward - 60:00
Defense - 60:00
|
Play-by-Play
1st period
0:01 of 1st period - Tomas Hertl wins face-off versus Robert Thomas in neutral zone.
0:04 of 1st period - Slapshot by Johnny Gaudreau.
0:04 of 1st period - Stopped by Connor Hellebuyck with a rebound.
0:06 of 1st period - Backhand shot by Johnny Gaudreau.
0:06 of 1st period - Deflect By Tomas Hertl.
0:06 of 1st period - Shot Blocked by Colton Parayko.
0:06 of 1st period - Puck is out of play.
0:07 of 1st period - Tomas Hertl wins face-off versus Robert Thomas in St.Louis Blues zone.
0:08 of 1st period - Snap shot by Johnny Gaudreau.
0:08 of 1st period - Stopped by Connor Hellebuyck without a rebound.
0:09 of 1st period - Tomas Hertl wins face-off versus Robert Thomas in St.Louis Blues zone.
0:16 of 1st period - Tomas Hertl is hit by Alex Pietrangelo and loses puck.
0:51 of 1st period - Wrist shot by Kirill Kaprizov.
0:51 of 1st period - Stopped by Connor Hellebuyck with a rebound.
0:53 of 1st period - Slapshot by Tomas Hertl.
0:53 of 1st period - Stopped by Connor Hellebuyck with a rebound.
0:55 of 1st period - Snap shot by Darnell Nurse.
0:55 of 1st period - Deflect By Johnny Gaudreau.
0:55 of 1st period - Stopped by Connor Hellebuyck without a rebound.
0:56 of 1st period - Gabriel Landeskog wins face-off versus Alex DeBrincat in St.Louis Blues zone.
0:57 of 1st period - Wrist shot by Anze Kopitar.
0:57 of 1st period - Shot Misses the Net.
0:59 of 1st period - Snap shot by Anze Kopitar.
0:59 of 1st period - Shot Blocked by Jonas Brodin.
1:01 of 1st period - Wrist shot by Anze Kopitar.
1:01 of 1st period - Stopped by Connor Hellebuyck with a rebound.
1:03 of 1st period - Slapshot by Hampus Lindholm.
1:03 of 1st period - Shot Blocked by Jonas Brodin.
1:49 of 1st period - Morgan Rielly is hit by Dylan Cozens and loses puck.
2:10 of 1st period - Yanni Gourde is hit by Darnell Nurse and loses puck.
2:58 of 1st period - Christian Dvorak is hit by Sean Kuraly.
4:31 of 1st period - Andrew Copp is hit by Lars Eller and loses puck.
4:51 of 1st period - Trevor Moore is hit by Evander Kane and loses puck.
4:56 of 1st period - Snap shot by Evander Kane.
4:56 of 1st period - Stopped by Darcy Kuemper with a rebound.
5:31 of 1st period - Dylan Cozens is hit by Evander Kane and loses puck.
5:38 of 1st period - Slapshot by Evander Kane.
5:38 of 1st period - Stopped by Darcy Kuemper with a rebound.
5:40 of 1st period - Slapshot by Colton Parayko.
5:40 of 1st period - Shot Misses the Net.
5:42 of 1st period - Slapshot by Jonas Brodin.
5:42 of 1st period - Shot Blocked by Lars Eller.
5:50 of 1st period - Snap shot by Evander Kane.
5:50 of 1st period - Deflect By Yanni Gourde.
5:50 of 1st period - Stopped by Darcy Kuemper without a rebound.
5:51 of 1st period - Robert Thomas wins face-off versus Anze Kopitar in Tampa Bay Lightning zone.
6:06 of 1st period - Snap shot by Gabriel Landeskog.
6:06 of 1st period - Stopped by Connor Hellebuyck without a rebound.
6:07 of 1st period - Jack Eichel wins face-off versus Tomas Hertl in St.Louis Blues zone.
6:07 of 1st period - Jack Eichel is hit by Kirill Kaprizov.
6:15 of 1st period - Snap shot by Alex DeBrincat.
6:15 of 1st period - Shot Misses the Net.
6:25 of 1st period - Jack Eichel is hit by Kirill Kaprizov and loses puck.
6:40 of 1st period - Morgan Rielly is hit by Connor Brown.
6:43 of 1st period - Off-side.
6:44 of 1st period - Anze Kopitar wins face-off versus Robert Thomas in neutral zone.
6:49 of 1st period - Wrist shot by Gabriel Landeskog.
6:49 of 1st period - Stopped by Connor Hellebuyck with a rebound.
7:32 of 1st period - Snap shot by Sean Kuraly.
7:32 of 1st period - Deflect By Darnell Nurse.
7:32 of 1st period - Shot Misses the Net.
7:32 of 1st period - Puck is out of play.
7:33 of 1st period - Christian Dvorak wins face-off versus Frederick Gaudreau in Tampa Bay Lightning zone.
7:33 of 1st period - Christian Dvorak is hit by Sean Kuraly.
7:48 of 1st period - Off-side.
7:49 of 1st period - Tomas Hertl wins face-off versus Robert Thomas in neutral zone.
7:56 of 1st period - Snap shot by Johnny Gaudreau.
7:56 of 1st period - Stopped by Connor Hellebuyck without a rebound.
7:57 of 1st period - Tomas Hertl wins face-off versus Robert Thomas in St.Louis Blues zone.
8:14 of 1st period - Snap shot by Johnny Gaudreau.
8:14 of 1st period - Deflect By Kirill Kaprizov.
8:14 of 1st period - Shot Misses the Net.
8:14 of 1st period - Puck is out of play.
8:15 of 1st period - Jack Eichel wins face-off versus Anze Kopitar in St.Louis Blues zone.
8:17 of 1st period - Minor Penalty to Morgan Rielly for Holding.
8:18 of 1st period - Sean Kuraly wins face-off versus Anze Kopitar in St.Louis Blues zone.
8:27 of 1st period - Danny DeKeyser is hit by Kirill Kaprizov and loses puck.
9:12 of 1st period - Snap shot by Tomas Hertl.
9:12 of 1st period - Shot Misses the Net.
9:34 of 1st period - Icing by Anze Kopitar.
9:35 of 1st period - Andrew Copp wins face-off versus Anze Kopitar in Tampa Bay Lightning zone.
10:17 of 1st period - Penalty to Morgan Rielly is over, Morgan Rielly is back on ice.
10:34 of 1st period - Snap shot by Robert Thomas.
10:34 of 1st period - Stopped by Darcy Kuemper with a rebound.
10:42 of 1st period - Wrist shot by Christian Dvorak.
10:42 of 1st period - Shot Misses the Net.
11:53 of 1st period - Vladislav Gavrikov is hit by Alex Pietrangelo and loses puck.
12:32 of 1st period - Snap shot by Jack Eichel.
12:32 of 1st period - Shot Misses the Net.
12:46 of 1st period - Colton Parayko is hit by Ivan Barbashev.
12:49 of 1st period - Off-side.
12:50 of 1st period - Christian Dvorak wins face-off versus Robert Thomas in neutral zone.
13:13 of 1st period - Icing by Christian Dvorak.
13:14 of 1st period - Anze Kopitar wins face-off versus Jack Eichel in Tampa Bay Lightning zone.
14:15 of 1st period - Snap shot by Evander Kane.
14:15 of 1st period - Shot Misses the Net.
14:25 of 1st period - Wrist shot by Anze Kopitar.
14:25 of 1st period - Stopped by Connor Hellebuyck with a rebound.
15:09 of 1st period - Snap shot by Johnny Gaudreau.
15:09 of 1st period - Shot Blocked by Robert Thomas.
15:40 of 1st period - Snap shot by Evander Kane.
15:40 of 1st period - Shot Misses the Net.
15:50 of 1st period - Morgan Rielly is hit by Vladislav Gavrikov and loses puck.
16:11 of 1st period - Jonas Brodin is hit by Lars Eller and loses puck.
16:22 of 1st period - Wrist shot by Trevor Moore.
16:22 of 1st period - Shot Misses the Net.
16:36 of 1st period - Snap shot by Alex Tuch.
16:36 of 1st period - Stopped by Darcy Kuemper without a rebound.
16:37 of 1st period - Robert Thomas wins face-off versus Anze Kopitar in Tampa Bay Lightning zone.
17:08 of 1st period - Wrist shot by Jack Eichel.
17:08 of 1st period - Shot Blocked by Tomas Hertl.
17:10 of 1st period - Slapshot by Danny DeKeyser.
17:10 of 1st period - Shot Misses the Net.
17:12 of 1st period - Snap shot by Alex DeBrincat.
17:12 of 1st period - Goal by Alex DeBrincat - St.Louis Blues : 1 - Tampa Bay Lightning : 0.
17:13 of 1st period - Jack Eichel wins face-off versus Tomas Hertl in neutral zone.
17:16 of 1st period - Wrist shot by Jake Guentzel.
17:16 of 1st period - Stopped by Darcy Kuemper without a rebound.
17:17 of 1st period - Jack Eichel wins face-off versus Tomas Hertl in Tampa Bay Lightning zone.
17:30 of 1st period - Snap shot by Johnny Gaudreau.
17:30 of 1st period - Shot Misses the Net.
17:32 of 1st period - Slapshot by Johnny Gaudreau.
17:32 of 1st period - Stopped by Connor Hellebuyck without a rebound.
17:33 of 1st period - Robert Thomas wins face-off versus Anze Kopitar in St.Louis Blues zone.
18:28 of 1st period - Colton Parayko is hit by Ivan Barbashev and loses puck.
18:57 of 1st period - Minor Penalty to Sean Kuraly for Hooking.
18:58 of 1st period - Andrew Copp wins face-off versus Anze Kopitar in St.Louis Blues zone.
Goals for this period are 1 for St.Louis Blues vs 0 for Tampa Bay Lightning.
Shots for this period are 7 for St.Louis Blues vs 11 for Tampa Bay Lightning.
2nd period
0:01 of 2nd period - Andrew Copp wins face-off versus Tomas Hertl in neutral zone.
0:06 of 2nd period - Slapshot by Morgan Rielly.
0:06 of 2nd period - Shot Misses the Net.
0:57 of 2nd period - Penalty to Sean Kuraly is over, Sean Kuraly is back on ice.
1:51 of 2nd period - Adam Pelech is hit by Kirill Kaprizov and loses puck.
2:58 of 2nd period - Wrist shot by Dylan Cozens.
2:58 of 2nd period - Shot Misses the Net.
3:32 of 2nd period - Snap shot by Yanni Gourde.
3:32 of 2nd period - Stopped by Darcy Kuemper without a rebound.
3:33 of 2nd period - Anze Kopitar wins face-off versus Alex DeBrincat in Tampa Bay Lightning zone.
4:30 of 2nd period - Robert Thomas is hit by Alexander Romanov and loses puck.
4:47 of 2nd period - Backhand shot by Jack Eichel.
4:47 of 2nd period - Shot Blocked by Anze Kopitar.
5:27 of 2nd period - Elias Pettersson is hit by Ivan Barbashev.
6:26 of 2nd period - Snap shot by Frederick Gaudreau.
6:26 of 2nd period - Deflect By Sean Kuraly.
6:26 of 2nd period - Shot Misses the Net.
6:26 of 2nd period - Puck is out of play.
6:27 of 2nd period - Ondrej Kase wins face-off versus Anze Kopitar in Tampa Bay Lightning zone.
7:01 of 2nd period - Snap shot by Elias Pettersson.
7:01 of 2nd period - Stopped by Darcy Kuemper without a rebound.
7:02 of 2nd period - Tomas Hertl wins face-off versus Jack Eichel in Tampa Bay Lightning zone.
7:07 of 2nd period - Snap shot by Darnell Nurse.
7:07 of 2nd period - Deflect By Johnny Gaudreau.
7:07 of 2nd period - Shot Misses the Net.
7:07 of 2nd period - Puck is out of play.
7:08 of 2nd period - Tomas Hertl wins face-off versus Jack Eichel in St.Louis Blues zone.
7:09 of 2nd period - Slapshot by Kirill Kaprizov.
7:09 of 2nd period - Stopped by Connor Hellebuyck with a rebound.
7:37 of 2nd period - Slapshot by Connor Brown.
7:37 of 2nd period - Stopped by Connor Hellebuyck with a rebound.
7:57 of 2nd period - Slapshot by Alex Pietrangelo.
7:57 of 2nd period - Stopped by Darcy Kuemper without a rebound.
7:58 of 2nd period - Frederick Gaudreau wins face-off versus Christian Dvorak in Tampa Bay Lightning zone.
8:30 of 2nd period - Snap shot by Anze Kopitar.
8:30 of 2nd period - Goal by Anze Kopitar - St.Louis Blues : 1 - Tampa Bay Lightning : 1.
8:31 of 2nd period - Tomas Hertl wins face-off versus Robert Thomas in neutral zone.
8:34 of 2nd period - Robert Thomas is hit by Darnell Nurse and loses puck.
8:41 of 2nd period - Snap shot by Kirill Kaprizov.
8:41 of 2nd period - Stopped by Connor Hellebuyck with a rebound.
9:02 of 2nd period - Wrist shot by Alex DeBrincat.
9:02 of 2nd period - Stopped by Darcy Kuemper without a rebound.
9:03 of 2nd period - Alex DeBrincat wins face-off versus Anze Kopitar in Tampa Bay Lightning zone.
9:29 of 2nd period - Alex Tuch is hit by Johnny Gaudreau and loses puck.
9:38 of 2nd period - Snap shot by Kirill Kaprizov.
9:38 of 2nd period - Deflect By Johnny Gaudreau.
9:38 of 2nd period - Stopped by Connor Hellebuyck without a rebound.
9:39 of 2nd period - Anze Kopitar wins face-off versus Andrew Copp in St.Louis Blues zone.
9:43 of 2nd period - Darnell Nurse and Adam Pelech fight to a draw.
9:43 of 2nd period - Penalty to Darnell Nurse for Fighting.
9:43 of 2nd period - Penalty to Adam Pelech for Fighting.
9:44 of 2nd period - Tomas Hertl wins face-off versus Andrew Copp in St.Louis Blues zone.
10:10 of 2nd period - Icing by Kirill Kaprizov.
10:11 of 2nd period - Anze Kopitar wins face-off versus Robert Thomas in Tampa Bay Lightning zone.
10:11 of 2nd period - Anze Kopitar is hit by Robert Thomas.
10:37 of 2nd period - Slapshot by Christian Dvorak.
10:37 of 2nd period - Stopped by Connor Hellebuyck with a rebound.
10:59 of 2nd period - Alex Pietrangelo is hit by Hampus Lindholm and loses puck.
11:08 of 2nd period - Snap shot by Jake Guentzel.
11:08 of 2nd period - Stopped by Darcy Kuemper without a rebound.
11:09 of 2nd period - Andrew Copp wins face-off versus Anze Kopitar in Tampa Bay Lightning zone.
11:38 of 2nd period - Ryan Graves is hit by Evander Kane and loses puck.
11:43 of 2nd period - Wrist shot by Evander Kane.
11:43 of 2nd period - Stopped by Darcy Kuemper without a rebound.
11:44 of 2nd period - Tomas Hertl wins face-off versus Jack Eichel in Tampa Bay Lightning zone.
11:44 of 2nd period - Tomas Hertl is hit by Colton Parayko.
12:06 of 2nd period - Minor Penalty to Jake Guentzel for Hooking.
12:07 of 2nd period - Tomas Hertl wins face-off versus Sean Kuraly in St.Louis Blues zone.
12:43 of 2nd period - Wrist shot by Gabriel Landeskog.
12:43 of 2nd period - Stopped by Connor Hellebuyck without a rebound.
12:44 of 2nd period - Tomas Hertl wins face-off versus Andrew Copp in St.Louis Blues zone.
13:11 of 2nd period - Johnny Gaudreau is hit by Ondrej Kase and loses puck.
13:28 of 2nd period - Wrist shot by Johnny Gaudreau.
13:28 of 2nd period - Stopped by Connor Hellebuyck with a rebound.
13:30 of 2nd period - Snap shot by Hampus Lindholm.
13:30 of 2nd period - Shot Blocked by Morgan Rielly.
13:32 of 2nd period - Slapshot by Vladislav Gavrikov.
13:32 of 2nd period - Stopped by Connor Hellebuyck with a rebound.
13:54 of 2nd period - Snap shot by Connor Brown.
13:54 of 2nd period - Stopped by Connor Hellebuyck with a rebound.
14:06 of 2nd period - Penalty to Jake Guentzel is over, Jake Guentzel is back on ice.
14:08 of 2nd period - Snap shot by Connor Brown.
14:08 of 2nd period - Shot Misses the Net.
14:24 of 2nd period - Snap shot by Tomas Hertl.
14:24 of 2nd period - Stopped by Connor Hellebuyck without a rebound.
14:25 of 2nd period - Robert Thomas wins face-off versus Christian Dvorak in St.Louis Blues zone.
14:38 of 2nd period - Slapshot by Elias Pettersson.
14:38 of 2nd period - Shot Misses the Net.
14:40 of 2nd period - Slapshot by Morgan Rielly.
14:40 of 2nd period - Stopped by Darcy Kuemper without a rebound.
14:41 of 2nd period - Jack Eichel wins face-off versus Lars Eller in Tampa Bay Lightning zone.
14:46 of 2nd period - Snap shot by Jake Guentzel.
14:46 of 2nd period - Stopped by Darcy Kuemper without a rebound.
14:47 of 2nd period - Jack Eichel wins face-off versus Lars Eller in Tampa Bay Lightning zone.
14:52 of 2nd period - Wrist shot by Jake Guentzel.
14:52 of 2nd period - Stopped by Darcy Kuemper with a rebound.
15:14 of 2nd period - Snap shot by Alex Tuch.
15:14 of 2nd period - Stopped by Darcy Kuemper without a rebound.
15:15 of 2nd period - Robert Thomas wins face-off versus Christian Dvorak in Tampa Bay Lightning zone.
15:16 of 2nd period - Wrist shot by Elias Pettersson.
15:16 of 2nd period - Stopped by Darcy Kuemper without a rebound.
15:17 of 2nd period - Robert Thomas wins face-off versus Anze Kopitar in Tampa Bay Lightning zone.
15:26 of 2nd period - Wrist shot by Robert Thomas.
15:26 of 2nd period - Stopped by Darcy Kuemper with a rebound.
15:40 of 2nd period - Adam Pelech is hit by Johnny Gaudreau and loses puck.
16:05 of 2nd period - Wrist shot by Alex DeBrincat.
16:05 of 2nd period - Shot Blocked by Hampus Lindholm.
16:07 of 2nd period - Slapshot by Jack Eichel.
16:07 of 2nd period - Stopped by Darcy Kuemper without a rebound.
16:08 of 2nd period - Lars Eller wins face-off versus Jake Guentzel in Tampa Bay Lightning zone.
16:08 of 2nd period - Lars Eller is hit by Alex Pietrangelo.
16:22 of 2nd period - Wrist shot by Alex DeBrincat.
16:22 of 2nd period - Deflect By Jake Guentzel.
16:22 of 2nd period - Stopped by Darcy Kuemper with a rebound.
16:24 of 2nd period - Slapshot by Colton Parayko.
16:24 of 2nd period - Stopped by Darcy Kuemper with a rebound.
16:26 of 2nd period - Slapshot by Jack Eichel.
16:26 of 2nd period - Deflect By Moritz Seider.
16:26 of 2nd period - Shot Misses the Net.
16:26 of 2nd period - Puck is out of play.
16:27 of 2nd period - Tomas Hertl wins face-off versus Robert Thomas in Tampa Bay Lightning zone.
16:38 of 2nd period - Slapshot by Kirill Kaprizov.
16:38 of 2nd period - Shot Blocked by Morgan Rielly.
16:40 of 2nd period - Snap shot by Tomas Hertl.
16:40 of 2nd period - Deflect By Johnny Gaudreau.
16:40 of 2nd period - Stopped by Connor Hellebuyck without a rebound.
16:41 of 2nd period - Andrew Copp wins face-off versus Tomas Hertl in St.Louis Blues zone.
16:50 of 2nd period - Wrist shot by Yanni Gourde.
16:50 of 2nd period - Goal by Yanni Gourde - St.Louis Blues : 2 - Tampa Bay Lightning : 1.
16:51 of 2nd period - Robert Thomas wins face-off versus Tomas Hertl in neutral zone.
16:58 of 2nd period - Slapshot by Alex Tuch.
16:58 of 2nd period - Shot Blocked by Darnell Nurse.
17:32 of 2nd period - Backhand shot by Gabriel Landeskog.
17:32 of 2nd period - Stopped by Connor Hellebuyck with a rebound.
18:04 of 2nd period - Slapshot by Andrew Copp.
18:04 of 2nd period - Stopped by Darcy Kuemper with a rebound.
18:26 of 2nd period - Wrist shot by Elias Pettersson.
18:26 of 2nd period - Shot Blocked by Tomas Hertl.
Goals for this period are 1 for St.Louis Blues vs 1 for Tampa Bay Lightning.
Shots for this period are 17 for St.Louis Blues vs 13 for Tampa Bay Lightning.
3rd period
0:01 of 3rd period - Tomas Hertl wins face-off versus Robert Thomas in neutral zone.
0:08 of 3rd period - Snap shot by Elias Pettersson.
0:08 of 3rd period - Deflect By Alex Tuch.
0:08 of 3rd period - Stopped by Darcy Kuemper without a rebound.
0:09 of 3rd period - Tomas Hertl wins face-off versus Robert Thomas in Tampa Bay Lightning zone.
0:09 of 3rd period - Tomas Hertl is hit by Elias Pettersson.
1:18 of 3rd period - Slapshot by Alex Tuch.
1:18 of 3rd period - Stopped by Darcy Kuemper with a rebound.
1:52 of 3rd period - Slapshot by Darnell Nurse.
1:52 of 3rd period - Shot Blocked by Robert Thomas.
1:54 of 3rd period - Slapshot by Vladislav Gavrikov.
1:54 of 3rd period - Shot Misses the Net.
2:04 of 3rd period - Slapshot by Kirill Kaprizov.
2:04 of 3rd period - Shot Blocked by Adam Pelech.
2:26 of 3rd period - Robert Thomas is hit by Darnell Nurse and loses puck.
3:43 of 3rd period - Minor Penalty to Robert Thomas for Hooking.
3:44 of 3rd period - Andrew Copp wins face-off versus Anze Kopitar in St.Louis Blues zone.
4:10 of 3rd period - Moritz Seider is hit by Morgan Rielly and loses puck.
5:43 of 3rd period - Penalty to Robert Thomas is over, Robert Thomas is back on ice.
5:43 of 3rd period - Alexander Kerfoot is hit by Colton Parayko and loses puck.
5:54 of 3rd period - Slapshot by Alex DeBrincat.
5:54 of 3rd period - Stopped by Darcy Kuemper with a rebound.
8:41 of 3rd period - Icing by Darnell Nurse.
8:42 of 3rd period - Ivan Barbashev wins face-off versus Colton Parayko in Tampa Bay Lightning zone.
12:37 of 3rd period - Alexander Kerfoot is hit by Alex Tuch and loses puck.
12:48 of 3rd period - Kirill Kaprizov is hit by Ondrej Kase and loses puck.
13:16 of 3rd period - Icing by Gabriel Landeskog.
13:17 of 3rd period - Jack Eichel wins face-off versus Gabriel Landeskog in Tampa Bay Lightning zone.
13:22 of 3rd period - Snap shot by Frederick Gaudreau.
13:22 of 3rd period - Shot Blocked by Ryan Graves.
13:34 of 3rd period - Wrist shot by Ondrej Kase.
13:34 of 3rd period - Shot Blocked by Ryan Graves.
13:58 of 3rd period - Wrist shot by Alexander Kerfoot.
13:58 of 3rd period - Stopped by Connor Hellebuyck without a rebound.
13:59 of 3rd period - Robert Thomas wins face-off versus Gabriel Landeskog in St.Louis Blues zone.
14:04 of 3rd period - Slapshot by Robert Thomas.
14:04 of 3rd period - Stopped by Darcy Kuemper without a rebound.
14:05 of 3rd period - Anze Kopitar wins face-off versus Jake Guentzel in Tampa Bay Lightning zone.
14:05 of 3rd period - Anze Kopitar is hit by Jake Guentzel.
14:08 of 3rd period - Minor Penalty to Gabriel Landeskog for Holding.
14:09 of 3rd period - Robert Thomas wins face-off versus Christian Dvorak in Tampa Bay Lightning zone.
16:06 of 3rd period - Connor Brown is hit by Andrew Copp and loses puck.
16:08 of 3rd period - Penalty to Gabriel Landeskog is over, Gabriel Landeskog is back on ice.
16:27 of 3rd period - Snap shot by Frederick Gaudreau.
16:27 of 3rd period - Shot Misses the Net.
18:43 of 3rd period - Elias Pettersson is hit by Gabriel Landeskog and loses puck.
19:06 of 3rd period - Alex Pietrangelo is hit by Kirill Kaprizov and loses puck.
19:09 of 3rd period - Tampa Bay Lightning, Darcy Kuemper is pulled from the net.
19:23 of 3rd period - Snap shot by Alex DeBrincat.
19:23 of 3rd period - Shot Misses the Net.
19:28 of 3rd period - Off-side.
19:29 of 3rd period - Gerard Gallant call a timeout for Tampa Bay Lightning.
19:29 of 3rd period - Sean Kuraly wins face-off versus Anze Kopitar in neutral zone.
19:56 of 3rd period - Slapshot by Anze Kopitar.
19:56 of 3rd period - Stopped by Connor Hellebuyck with a rebound.
Goals for this period are 0 for St.Louis Blues vs 0 for Tampa Bay Lightning.
Shots for this period are 4 for St.Louis Blues vs 2 for Tampa Bay Lightning.
Back to the Top